 Dungeon Crawl Stone Soup version 0.29-a0-106-g0a07039d5a (webtiles) character file.

Game seed: 665015471291994772

92 anonymous009 the Cudgeller (level 4, -1/61 HPs)
             Began as a Minotaur Berserker on Feb 16, 2022.
             Was a Follower of Trog.
             Slain by an orc (8 damage)
             ... on level 4 of the Dungeon.
             The game lasted 00:08:47 (3379 turns).

anonymous009 the Cudgeller (Minotaur Berserker)     Turns: 3379, Time: 00:08:48

Health: -1/61      AC:  2    Str: 24    XL:     4   Next: 35%
Magic:  3/3        EV: 12    Int:  4    God:    Trog [*.....]
Gold:   99         SH:  0    Dex:  9    Spells: 3/3 levels left

rFire   . . .      SeeInvis .   a - +0 mace
rCold   . . .      Faith    .   g - orb {*Rage}
rNeg    . . .      Spirit   .   p - +0 robe
rPois   .          Reflect  .   (helmet restricted)
rElec   .          Harm     .   (no cloak)
rCorr   .          Rampage  .   (no gloves)
Will    .....      Rage     20% (no boots)
Stlth   ..........              k - amulet of the acrobat
HPRegen 0.20/turn               (no ring)
MPRegen 0.08/turn               (no ring)

@: confused, berserking (expiring), very quick
A: horns 2, retaliatory headbutt
a: Renounce Religion, Berserk


You were on level 4 of the Dungeon.
You worshipped Trog.
Trog was aware of your devotion.
You visited 1 branch of the dungeon, and saw 4 of its levels.

You collected 99 gold pieces.

Inventory:

Hand Weapons
 a - a +0 mace (weapon)
 b - a +0 dagger of flaming
Armour
 g - an orb of wrath (worn)
 p - a +0 robe (worn)
 r - a +0 chain mail
Jewellery
 k - an amulet of the acrobat (around neck)
Wands
 m - a wand of digging (7)
Scrolls
 c - 4 scrolls of teleportation {unknown}
 f - 2 scrolls of vulnerability {unknown}
 h - a scroll of acquirement {unknown}
 i - a scroll of blinking {unknown}
 l - 2 scrolls of noise {unknown}
 o - a scroll of magic mapping {unknown}
 q - a scroll of immolation {unknown}
Potions
 d - 4 potions of curing {unknown}
 e - 2 potions of berserk rage {unknown}
 j - 2 potions of heal wounds {unknown}
 n - a potion of haste {unknown}


   Skills:
 + Level 4.4 Fighting
 + Level 5.1 Maces & Flails
 + Level 2.7 Armour
 + Level 2.7 Dodging
 + Level 0.8 Stealth


You had 3 spell levels left.
You didn't know any spells.
Your spell library was empty.

Dungeon Overview and Level Annotations

Branches:
Dungeon (4/15)
 Temple: D:4-7

Altars:
Wu Jian


Innate Abilities, Weirdness & Mutations

You have a pair of horns on your head.
You reflexively headbutt those who attack you in melee.


Message History

The hound barely misses you.
The orc hits you from afar with a +0 trident.
The hound bites you but does no damage.
A red film seems to cover your vision as you go berserk!
You feel yourself moving faster!
You feel mighty! The hound bites you. The orc hits you but does no damage.
You thump the hound! Your headbutt misses the hound.
The hound is almost dead.
The hound barely misses you. The orc misses you.
You barely miss the hound.
The hound is almost dead.
The hound bites you but does no damage. The orc misses you.
The hound bites you but does no damage.
You barely miss the hound.
The hound is almost dead.
The hound bites you but does no damage.
You sock the hound!
You kill the hound!
Trog accepts your kill.
The orc hits you from afar with a +0 trident.
* * * LOW HITPOINT WARNING * * *
Your Maces & Flails skill increases to level 5!
You have reached level 4!
You feel stronger.
You barely miss something. The orc misses you.
You barely miss something.
You hear some strange, mumbled words.
You are confused.
The orc barely misses you.
You bump into the rock wall.
Something hits you.
* * * LOW HITPOINT WARNING * * *
You're too confused to move!
You feel a strong urge to attack something.
The orc hits you from afar with a +0 trident.
* * * LOW HITPOINT WARNING * * *
Something hits you.
* * * LOW HITPOINT WARNING * * *
You miss something.
The orc hits you from afar with a +0 trident!
You die...

#.## . # ## # # # #
########### #
###.........# #
#.{@........# #
#o#######...## #
#....#.(.#...# ##
#....#.......# ####)
#.#########..###..).
#......#...#.....##)
#......#........####
#...#########...# #
#........ ..#..# #


You could see an orc.

Vanquished Creatures
  A hound (D:4)
  An adder (D:2)
  A worm (D:2)
  6 orcs
  5 endoplasms
  5 goblins
  3 hobgoblins
  2 jackals (D:2)
  5 kobolds
  3 ball pythons
  3 bats (D:1)
  5 frilled lizards
  3 rats (D:1)
43 creatures vanquished.

Vanquished Creatures (others)
  A fungus (D:1)
1 creature vanquished.

Grand Total: 44 creatures vanquished

Notes
Turn   | Place    | Note
-------+----------+-------------------------------------------
     0 | D:1      | anonymous009 the Minotaur Berserker began the quest for the
                  | Orb.
     0 | D:1      | Reached XP level 1. HP: 19/19 MP: 0/0
    74 | D:1      | Found a faded altar of an unknown god.
   285 | D:1      | Reached XP level 2. HP: 23/27 MP: 1/1
   731 | D:1      | Reached skill level 4 in Maces & Flails
  1812 | D:2      | Reached XP level 3. HP: 28/33 MP: 2/2
  2101 | D:2      | Found an ornate altar of the Wu Jian Council.
  3375 | D:4      | Reached skill level 5 in Maces & Flails
  3375 | D:4      | Reached XP level 4. HP: 15/41 MP: 3/3
  3379 | D:4      | Slain by an orc

Illustrated notes

Levels and vault maps discovered:
D:1:      eino_arrival_water_star, layout_loops_ring,
          shapermc_ecumenical_altar_acropolis, serial_co_window_serial,
          co_window_paths_a, co_window_of_opportunity_a,
          co_window_of_opportunity_a, co_window_corner_a, co_window_paths_b,
          co_window_paths_b, co_window_corner_cb, co_window_of_opportunity_b,
          co_window_2corner, co_window_paths_c, co_window_corner_cb,
          co_window_2corner, co_window_unsneaky_path_a
D:2:      layout_basic, basic_altar
D:3:      layout_loops_ring
D:4:      minmay_spotlight, layout_loops_corners, tgw_trog,
          portal_sewer_entry_a, hangedman_abyss_or_decor_stagger, uniq_natasha

Skill      XL: |  1  2  3 |
---------------+----------+-----
Fighting       | 4 |  4.4
Maces & Flails | 4 5 |  5.1
Armour         | |  2.7
Dodging        | |  2.7
Stealth        | |  0.8

Action                   |  1- 3 |  4- 6 || total
-------------------------+-------+-------++-------
Melee: Mace              |    90 |     3 ||    93
       Headbutt          |     6 |       ||     6
Invok: Berserk           |     1 |       ||     1
 Stab: Sleeping          |     2 |       ||     2
Armor: Animal skin       |     8 |       ||     8
       Robe              |     5 |       ||     5
Dodge: Dodged            |    61 |     2 ||    63

Table legend: (Time is in decaauts)
 A = Elapsed time spent in this place.
 B = Non-inter-level travel time spent in this place.
 C = Inter-level travel time spent in this place.
 D = Time resting spent in this place.
 E = Time spent auto-exploring this place.
 F = Levels seen in this place.
 G = Mean time per level.
                   A        B        C        D        E       F      G
               +--------+--------+--------+--------+--------+-----+--------+
         Total |   3431 |   3110 |    321 |      0 |   2515 |   4 |  857.8 |
       Dungeon |   3431 |   3110 |    321 |      0 |   2515 |   4 |  857.8 |
               +--------+--------+--------+--------+--------+-----+--------+

Top non-repeatable levels by time:
     D:1: 1355 daAuts
     D:2: 1250 daAuts
     D:3: 595 daAuts
     D:4: 230 daAuts
